 Dungeon Crawl Stone Soup version 0.28.0-53-g5a82cb258f (webtiles) character file.

Game seed: 8709464101155778161

123 issech the Chopper (level 4, 0/41 HPs)
             Began as a Minotaur Monk on June 6, 2022.
             Slain by a gnoll
             ... wielding a +0 spear
              (1 damage)
             ... on level 4 of the Dungeon.
             The game lasted 00:08:39 (3430 turns).

issech the Chopper (Minotaur Monk)                  Turns: 3430, Time: 00:08:40

Health: 0/41       AC:  5    Str: 15    XL:     4   Next: 80%
Magic:  3/3        EV: 12    Int: 13    God:
Gold:   165        SH:  0    Dex: 15    Spells: 3/3 levels left

rFire   . . .      SeeInvis .   a - +0 hand axe
rCold   . . .      Faith    .   (no shield)
rNeg    . . .      Spirit   .   n - +0 ring mail
rPois   +          Reflect  .   (helmet restricted)
rElec   .          Harm     .   (no cloak)
rCorr   .          Rampage  .   (no gloves)
Will    .....                   (no boots)
Stlth   +.........              (no amulet)
HPRegen 0.13/turn               h - ring of poison resistance
MPRegen 0.08/turn               l - +6 ring of intelligence

@: lit by a corona, glowing
A: horns 2, retaliatory headbutt
a: no special abilities


You were on level 4 of the Dungeon.
You visited 1 branch of the dungeon, and saw 4 of its levels.

You collected 165 gold pieces.

Inventory:

Hand Weapons
 a - a +0 hand axe (weapon)
 g - a +0 short sword
 o - a +0 mace
 r - a +0 hunting sling
 t - a +0 long sword
Missiles
 c - 19 sling bullets
 f - 51 arrows
 j - 87 stones (quivered)
Armour
 b - a +0 robe
 e - a +0 leather armour
 n - a +0 ring mail (worn)
Magical Staves
 m - a staff of air
Jewellery
 h - a ring of poison resistance (left hand)
 l - a +6 ring of intelligence (right hand)
 u - a ring of ice
Scrolls
 d - a scroll of fog {unknown}
 q - 4 scrolls of identify {unknown}
 s - 2 scrolls of amnesia {unknown}
Potions
 i - a potion of haste {unknown}
 k - a potion of might {unknown}
 p - a potion of invisibility {unknown}


   Skills:
 + Level 4.4 Fighting
 + Level 4.5 Axes
 + Level 0.7 Slings
 + Level 2.4 Armour
 + Level 4.1 Dodging
 + Level 1.7 Stealth


You had 3 spell levels left.
You didn't know any spells.
Your spell library contained the following spells:

 Spells                   Type           Power      Damage    Failure   Level
 Apportation              Tloc           0%         N/A       52%         1
 Alistair's Intoxication  Tmut/Pois      0%         N/A       100%        5


Dungeon Overview and Level Annotations

Branches:
Dungeon (4/15)
 Temple: D:4-7

Altars:

Annotations:
D:2 Natasha


Innate Abilities, Weirdness & Mutations

You have a pair of horns on your head.
You reflexively headbutt those who attack you in melee.


Message History

The gnoll shaman barely misses you.
You slash the gnoll shaman!
The gnoll shaman is almost dead.
You hit the gnoll but do no damage. The gnoll closely misses you.
You furiously retaliate!
You headbutt the gnoll.
The gnoll shaman calls down the wrath of its god upon you.
You are outlined in light.
You completely miss the gnoll shaman.
The gnoll shaman is almost dead.
The gnoll shouts!
You hit the gnoll but do no damage.
The gnoll shaman hits you with a +0 club.
You closely miss the gnoll shaman. You headbutt the gnoll shaman.
The gnoll shaman is almost dead.
You hit the gnoll but do no damage. The gnoll closely misses you.
The gnoll shaman utters an invocation to its god.
The gnoll shaman is healed somewhat.
The gnoll hits you with a +0 whip.
The gnoll shaman calls upon its god to speed up the gnoll.
The gnoll seems to speed up.
The gnoll hits you with a +0 whip.
The gnoll shaman calls upon its god to speed up the gnoll.
The gnoll seems to speed up.
The gnoll hits you with a +0 whip.
* * * LOW HITPOINT WARNING * * *
The gnoll hits you with a +0 whip.
* * * LOW HITPOINT WARNING * * *
The gnoll hits you from afar with a +0 spear.
* * * LOW HITPOINT WARNING * * *
The gnoll barely misses you. The gnoll completely misses you.
The gnoll hits you from afar with a +0 spear.
* * * LOW HITPOINT WARNING * * *
The gnoll shaman calls upon its god to speed up the gnoll.
The gnoll seems to speed up.
The gnoll misses you.
The gnoll shaman calls upon its god to speed up the gnoll.
The gnoll seems to speed up.
The gnoll hits you with a +0 whip.
* * * LOW HITPOINT WARNING * * *
The gnoll completely misses you. The gnoll hits you with a +0 whip.
* * * LOW HITPOINT WARNING * * *
The gnoll hits you from afar with a +0 spear.
You die...

##...##
..#...
#...## #.#
.. #.g##
.. .. #..#
..... #..#
g... #.g#
#gg# #g.#
#.@# #..#
##..#
#...#
#...##
#....####
#.......##
#........#
#........#


You could see a gnoll shaman and 4 gnolls.

Vanquished Creatures
  Natasha (twice) (D:2)
  A gnoll (D:4)
  An adder (D:2)
  A worm (D:2)
  5 orcs
  4 bats (D:2)
  6 endoplasms
  4 giant cockroaches
  3 goblins
  2 hobgoblins
  3 jackals (D:2)
  3 quokkas
  4 ball pythons
  2 frilled lizards
  2 kobolds
  3 rats
46 creatures vanquished.

Vanquished Creatures (others)
  6 plants (D:1)
6 creatures vanquished.

Grand Total: 52 creatures vanquished

Notes
Turn   | Place    | Note
-------+----------+-------------------------------------------
     0 | D:1      | issech the Minotaur Monk began the quest for the Orb.
     0 | D:1      | Reached XP level 1. HP: 19/19 MP: 0/0
   450 | D:1      | Reached XP level 2. HP: 27/27 MP: 1/1
  1374 | D:2      | Reached skill level 1 in Armour
  1374 | D:2      | Reached XP level 3. HP: 16/33 MP: 2/2
  1741 | D:2      | Noticed Natasha
  1747 | D:2      | Killed Natasha
  1756 | D:2      | Reached XP level 4. HP: 36/41 MP: 3/3
  1760 | D:2      | Noticed Natasha
  1770 | D:2      | Killed Natasha
  2265 | D:2      | Found a faded altar of an unknown god.
  2295 | D:2      | Noticed Natasha
  3430 | D:4      | HP: 1/41 [gnoll/+0 whip (3)]
  3430 | D:4      | Slain by a gnoll

Illustrated notes

Levels and vault maps discovered:
D:1:      ncdulo_watergridlock, layout_loops_ring, serial_forest,
          infiniplex_forest_zigzag_1, infiniplex_forest_clump_double,
          infiniplex_forest_zigzag_1, infiniplex_forest_lined_corner,
          infiniplex_forest_clump_long, infiniplex_forest_end_double,
          infiniplex_forest_end_2
D:2:      kennysheep_six_static_rooms, layout_loops_ring,
          shapermc_ecumenical_altar_mp_ritualfount, kennysheep_crisscross,
          minmay_misc_feat_roman, minmay_misc_feat_doors, grunt_decor_arrowhead,
          uniq_natasha
D:3:      layout_rooms
D:4:      layout_cave_pods, lemuel_old_faithful

Skill      XL: |  1  2  3  4 |
---------------+-------------+-----
Fighting       | 4 |  4.4
Armour         | 1 2 |  2.4
Axes           | 4 |  4.5
Dodging        | 4 |  4.1
Slings         | |  0.7
Stealth        | |  1.7

Action                   |  1- 3 |  4- 6 || total
-------------------------+-------+-------++-------
Melee: Hand axe          |    82 |    28 ||   110
       Headbutt          |    19 |     7 ||    26
       Punch             |     1 |       ||     1
 Fire: Hunting sling     |       |    29 ||    29
Armor: Leather armour    |    11 |       ||    11
       Robe              |     1 |       ||     1
       Ring mail         |    14 |    11 ||    25
Dodge: Dodged            |    47 |    32 ||    79
